[gd_scene load_steps=5 format=2]

[ext_resource path="res://tileset.png" type="Texture" id=1]

[sub_resource type="RectangleShape2D" id=1]
extents = Vector2( 16, 16 )

[sub_resource type="RectangleShape2D" id=2]
extents = Vector2( 8, 16 )

[sub_resource type="RectangleShape2D" id=3]
extents = Vector2( 16, 8 )

[node name="Node" type="Node"]

[node name="TopLeftCorner" type="Sprite" parent="."]
position = Vector2( 17.1176, 17.1175 )
texture = ExtResource( 1 )
region_enabled = true
region_rect = Rect2( 16, 32, 32, 32 )

[node name="StaticBody2D" type="StaticBody2D" parent="TopLeftCorner"]

[node name="CollisionShape2D" type="CollisionShape2D" parent="TopLeftCorner/StaticBody2D"]
shape = SubResource( 1 )

[node name="TopRightCorner" type="Sprite" parent="."]
position = Vector2( 51.072, 16.5563 )
texture = ExtResource( 1 )
region_enabled = true
region_rect = Rect2( 128, 32, 32, 32 )

[node name="StaticBody2D" type="StaticBody2D" parent="TopRightCorner"]

[node name="CollisionShape2D" type="CollisionShape2D" parent="TopRightCorner/StaticBody2D"]
shape = SubResource( 1 )

[node name="BottomLeftCorner" type="Sprite" parent="."]
position = Vector2( 17.3982, 50.2302 )
texture = ExtResource( 1 )
region_enabled = true
region_rect = Rect2( 16, 144, 32, 32 )

[node name="StaticBody2D" type="StaticBody2D" parent="BottomLeftCorner"]

[node name="CollisionShape2D" type="CollisionShape2D" parent="BottomLeftCorner/StaticBody2D"]
shape = SubResource( 1 )

[node name="BottomRightCorner" type="Sprite" parent="."]
position = Vector2( 51.6332, 49.9496 )
texture = ExtResource( 1 )
region_enabled = true
region_rect = Rect2( 128, 144, 32, 32 )

[node name="StaticBody2D" type="StaticBody2D" parent="BottomRightCorner"]

[node name="CollisionShape2D" type="CollisionShape2D" parent="BottomRightCorner/StaticBody2D"]
shape = SubResource( 1 )

[node name="TopWall" type="Sprite" parent="."]
position = Vector2( 8.41847, 83.6234 )
texture = ExtResource( 1 )
region_enabled = true
region_rect = Rect2( 96, 32, 16, 32 )

[node name="StaticBody2D" type="StaticBody2D" parent="TopWall"]

[node name="CollisionShape2D" type="CollisionShape2D" parent="TopWall/StaticBody2D"]
shape = SubResource( 2 )

[node name="BottomWall" type="Sprite" parent="."]
position = Vector2( 28.0615, 85.3071 )
texture = ExtResource( 1 )
region_enabled = true
region_rect = Rect2( 96, 144, 16, 32 )

[node name="StaticBody2D" type="StaticBody2D" parent="BottomWall"]

[node name="CollisionShape2D" type="CollisionShape2D" parent="BottomWall/StaticBody2D"]
shape = SubResource( 2 )

[node name="RightWall" type="Sprite" parent="."]
position = Vector2( 56.4037, 77.7305 )
texture = ExtResource( 1 )
region_enabled = true
region_rect = Rect2( 128, 112, 32, 16 )

[node name="StaticBody2D" type="StaticBody2D" parent="RightWall"]

[node name="CollisionShape2D" type="CollisionShape2D" parent="RightWall/StaticBody2D"]
shape = SubResource( 3 )

[node name="LeftWall" type="Sprite" parent="."]
position = Vector2( 55.0006, 96.8123 )
texture = ExtResource( 1 )
region_enabled = true
region_rect = Rect2( 16, 112, 32, 16 )

[node name="StaticBody2D" type="StaticBody2D" parent="LeftWall"]

[node name="CollisionShape2D" type="CollisionShape2D" parent="LeftWall/StaticBody2D"]
shape = SubResource( 3 )

[node name="Floor1" type="Sprite" parent="."]
position = Vector2( 85.25, 12.5 )
texture = ExtResource( 1 )
region_enabled = true
region_rect = Rect2( 64, 80, 16, 16 )

[node name="Floor2" type="Sprite" parent="."]
position = Vector2( 104, 12.5 )
texture = ExtResource( 1 )
region_enabled = true
region_rect = Rect2( 80, 80, 16, 16 )

[node name="Floor3" type="Sprite" parent="."]
position = Vector2( 126.5, 12.5 )
texture = ExtResource( 1 )
region_enabled = true
region_rect = Rect2( 96, 80, 16, 16 )

[node name="Floor4" type="Sprite" parent="."]
position = Vector2( 86.5, 31.5 )
texture = ExtResource( 1 )
region_enabled = true
region_rect = Rect2( 64, 96, 16, 16 )

[node name="Floor5" type="Sprite" parent="."]
position = Vector2( 104.5, 32 )
texture = ExtResource( 1 )
region_enabled = true
region_rect = Rect2( 80, 96, 16, 16 )

[node name="Floor6" type="Sprite" parent="."]
position = Vector2( 126.5, 31.5 )
texture = ExtResource( 1 )
region_enabled = true
region_rect = Rect2( 96, 96, 16, 16 )

[node name="DoorLeft" type="Sprite" parent="."]
position = Vector2( 102.997, 86.8669 )
texture = ExtResource( 1 )
region_enabled = true
region_rect = Rect2( 352, 64, 48, 80 )

[node name="DoorUp" type="Sprite" parent="."]
position = Vector2( 176.62, 22.6835 )
texture = ExtResource( 1 )
region_enabled = true
region_rect = Rect2( 400, 16, 80, 48 )

[node name="DoorRight" type="Sprite" parent="."]
position = Vector2( 247.41, 90.1705 )
texture = ExtResource( 1 )
region_enabled = true
region_rect = Rect2( 480, 64, 48, 80 )

[node name="DoorDown" type="Sprite" parent="."]
position = Vector2( 174.732, 154.826 )
texture = ExtResource( 1 )
region_enabled = true
region_rect = Rect2( 400, 144, 80, 48 )
